 Dungeon Crawl Stone Soup version 0.26-a0-466-g989023bd0d (webtiles) character file.

Game seed: 11055580668991781704

99 drasked the Sneak (level 4, -5/21 HPs)
             Began as a Spriggan Conjurer on Aug 8, 2020.
             Slain by a gnoll
             ... wielding a +0 spear
              (6 damage)
             ... on level 3 of the Dungeon.
             The game lasted 00:04:25 (1660 turns).

drasked the Sneak (Spriggan Conjurer)               Turns: 1660, Time: 00:04:26

Health: -5/21      AC:  2    Str:  3    XL:     4   Next: 45%
Magic:  8/10       EV: 19    Int: 20    God:
Gold:   146        SH:  0    Dex: 14    Spells: 9/10 levels left

rFire    . . .     SeeInvis +   c - +0 whip
rCold    . . .     Faith    .   (shield restricted)
rNeg     . . .     Spirit   .   a - +0 robe
rPois    .         Reflect  .   (helmet restricted)
rElec    .         Harm     .   (no cloak)
rCorr    .                      (gloves unavailable)
MR       .....                  (boots unavailable)
Stlth    +++.......             (no amulet)
HPRegen  0.07/turn              (no ring)
MPRegen  0.12/turn              (no ring)

@: lethally poisoned (-5 -> -10), very quick
A: very small, unfitting armour, see invisible, speed 3
a: no special abilities


You were on level 3 of the Dungeon.
You visited 1 branch of the dungeon, and saw 4 of its levels.

You collected 146 gold pieces.

Inventory:

Hand Weapons
 c - a +0 whip (weapon)
   (You found it on level 1 of the Dungeon)
Armour
 a - a +0 robe (worn)
Jewellery
 f - a cursed ring of teleportation {unknown}
   (You found it on level 1 of the Dungeon)
 m - a cursed -4 ring of intelligence {unknown}
   (You found it on level 3 of the Dungeon)
 n - an uncursed ring of flight {unknown}
   (You found it on level 4 of the Dungeon)
Scrolls
 d - 2 scrolls of remove curse {unknown}
 g - a scroll of noise {unknown}
 h - a scroll of magic mapping {unknown}
 j - 2 scrolls of identify {unknown}
 k - 3 scrolls of amnesia {unknown}
 l - a scroll of teleportation {unknown}
Potions
 b - 2 potions of haste {unknown}
 e - 2 potions of mutation {unknown}
 i - a potion of curing {unknown}
 o - a potion of lignification {unknown}


   Skills:
 + Level 4.2 Dodging
 + Level 4.4 Stealth
 + Level 3.7 Spellcasting
 + Level 3.4 Conjurations


You had 9 spell levels left.
You knew the following spells:

 Your Spells              Type           Power        Failure   Level
a - Magic Dart            Conj           ###.         3%          1

Your spell library contained the following spells:

 Spells                   Type           Power        Failure   Level
 Searing Ray              Conj           ###...       4%          2
 Dazzling Flash           Conj/Hex       ##....       21%         3
 Fulminant Prism          Conj/Hex       ##........   54%         4
 Iskenderun's Mystic Bla  Conj/Tloc      ##......     54%         4


Dungeon Overview and Level Annotations

Branches:
Dungeon (4/15)
 Temple: D:4-7

Altars:

Shops:
D:4 *

Annotations:
D:3 1 transporter, Robin


Innate Abilities, Weirdness & Mutations

You are very small and have problems with some larger weapons.
You are too small for most types of armour.
You have supernaturally acute eyesight. (SInv)
You cover ground extremely quickly.


Message History

You climb upwards.
Level annotation: 1 transporter
There is a stone staircase leading down here.
Aim: an adder (asleep)
The magic dart hits the adder.
You now have 9/10 mp.
Aim: an adder (lightly wounded)
The magic dart hits the adder.
You now have 8/10 mp.
Aim: an adder (heavily wounded)
The magic dart hits the adder.
You now have 7/10 mp.
Aim: an adder (almost dead)
The magic dart hits the adder.
You kill the adder!
You now have 6/10 mp.
Things that are here:
3 stones; a +0 whip; a kobold skeleton; MP restored: 10 The centaur shouts!
The centaur shoots an arrow.
The arrow hits you!
You see here an arrow.
You take 9 damage, and have 12/21 hp.
MASSIVE DAMAGE!!
The centaur shoots an arrow.
The arrow misses you.
You see here an arrow.
Things that are here:
3 stones; a +0 whip; a kobold skeleton 2 goblins come into view.
A hobgoblin comes into view. It is wielding a +0 club.
A goblin, a kobold and Robin come into view.
Robin is wielding a +0 falchion and carrying a wand of random effects (20).
The kobold is wielding a +0 dagger and quivering 4 poisoned darts.
The goblin shouts!
You hear a shout!
Robin roars a battlecry!
The goblins go into a battle-frenzy!
A hobgoblin comes into view. It is wielding a +0 club.
A goblin comes into view. It is wielding a +0 club. x2
A hobgoblin comes into view. It is wielding a +0 club.
A hobgoblin comes into view.
A goblin comes into view. It is wielding a +0 club.
The goblin shouts!
A bat and a hobgoblin come into view.
The hobgoblin shouts! x2; The goblin shouts! x2; The hobgoblin shouts!
You hear a shout!
A goblin and a gnoll come into view.
The hobgoblin shouts!
The goblin shouts!
The kobold throws a poisoned dart.
The poisoned dart barely misses you.
You see here a poisoned dart.
A gnoll comes into view. It is wielding a +0 spear.
The hobgoblin shouts!
The kobold throws a poisoned dart.
The poisoned dart hits you!
You are poisoned.
The goblin barely misses you.
You feel sick.
You take 1 damage, and have 11/21 hp.
The bat barely misses you.
The kobold throws a poisoned dart.
The poisoned dart misses you. Robin throws the goblin at you!
You see here a poisoned dart.
You feel sick.
The kobold throws a poisoned dart.
The poisoned dart misses you.
You see here a poisoned dart.
You take 1 damage, and have 10/21 hp.
The goblin closely misses you. The bat misses you.
A gnoll comes into view. It is wielding a +0 halberd.
You feel sick.
You take 1 damage, and have 10/21 hp.
The bat hits you.
You take 1 damage, and have 9/21 hp.
You feel sick. The bat hits you but does no damage.
The gnoll closely misses you.
You take 1 damage, and have 8/21 hp.
Robin throws the goblin at you!
* * * LOW HITPOINT WARNING * * *
The bat closely misses you.
You take 3 damage, and have 5/21 hp.
The bat misses you. The gnoll barely misses you.
* * * LOW HITPOINT WARNING * * *
You feel sick. The bat misses you.
You take 1 damage, and have 4/21 hp.
The bat closely misses you. The bat closely misses you.
The bat closely misses you. Robin throws the goblin at you!
* * * LOW HITPOINT WARNING * * *
You take 1 damage, and have 3/21 hp.
You hit the goblin but do no damage.
* * * LOW HITPOINT WARNING * * *
You feel sick.
The goblin no longer looks unusually strong.
The bat barely misses you. The goblin hits you but does no damage.
You take 1 damage, and have 2/21 hp.
Aim: a goblin, wielding a +0 club (strong)
The magic dart hits the goblin.
You kill the goblin!
The goblin no longer looks unusually strong.
The bat misses you. Robin throws the goblin at you!
You now have 9/10 mp.
Aim: a bat The magic dart hits the bat.
* * * LOW HITPOINT WARNING * * *
You feel sick. The bat misses you. The bat completely misses you.
The gnoll hits you from afar with a +0 spear.
You die...

..# #.#.######.# #.# ..#
#.#........# #.#
..###.#########################.#
..................†..........†...
.####.#########################.#
.####.# ######.# .))...#
......... ####### ###
############.. #@###...g..# ##.


#gbggggg##.# #. #.##gcKg..(# #. #.##..g...(# #. #.##.......# #. #.##.......# #.
#.##.....$.# ## #..........# # ## #......(####### You could see a centaur,
Robin, 2 gnolls, 2 hobgoblins, 4 goblins, a bat and a kobold.

Vanquished Creatures
  A worker ant (D:4)
  5 adders
  2 leopard geckos
  2 orcs (D:3)
  A giant cockroach (D:1)
  5 goblins
  4 kobolds
  5 bats
  A frilled lizard (D:2)
  3 rats
29 creatures vanquished.

Notes
Turn   | Place    | Note
-------+----------+-------------------------------------------
     0 | D:1      | drasked the Spriggan Conjurer began the quest for the Orb.
     0 | D:1      | Reached XP level 1. HP: 9/9 MP: 5/5
    67 | D:1      | Reached skill level 3 in Conjurations
   674 | D:2      | Reached XP level 2. HP: 13/13 MP: 1/6
   766 | D:2      | Reached skill level 3 in Spellcasting
   964 | D:2      | You fall into a shaft and drop 1 floor!
   984 | D:3      | Found a transporter.
   984 | D:3      | Noticed an electric eel
  1009 | D:3      | Noticed an electric eel
  1009 | D:3      | Noticed an electric eel
  1012 | D:3      | Reached XP level 3. HP: 16/16 MP: 5/8
  1192 | D:3      | Reached skill level 4 in Stealth
  1328 | D:3      | Noticed a centaur
  1343 | D:3      | Reached skill level 4 in Dodging
  1489 | D:4      | Found Hihaxt's Lightly-Used Armoury.
  1500 | D:4      | Reached XP level 4. HP: 21/21 MP: 3/10
  1638 | D:3      | Noticed Robin
  1652 | D:3      | HP: 5/21 [Robin/goblin (3)]
  1657 | D:3      | HP: 3/21 [Robin/goblin (1)]
  1660 | D:3      | HP: 1/21 [poisoned by a kobold]
  1660 | D:3      | Slain by a gnoll

Illustrated notes

Levels and vault maps discovered:
D:1:      saegor_arrival_simple_e, layout_basic
D:2:      layout_loops_cross, serial_bayou_pond_e
D:3:      gammafunk_steamed_eel, layout_basic, uniq_natasha, uniq_robin
D:4:      layout_basic, lemuel_round_altar, temple_fountains,
          minmay_shop_damaged

Skill      XL: |  1  2  3 |
---------------+----------+-----
Conjurations   | 3 |  3.4
Spellcasting   | 3 |  3.7
Stealth        | 4 |  4.4
Dodging        | 4 |  4.2

Action                   |  1- 3 |  4- 6 || total
-------------------------+-------+-------++-------
Melee: Whip              |       |     1 ||     1
 Cast: Magic Dart        |    71 |     7 ||    78
Armor: Robe              |     1 |     1 ||     2
Dodge: Dodged            |    12 |    20 ||    32

Table legend: (Time is in decaauts)
 A = Elapsed time spent in this place.
 B = Non-inter-level travel time spent in this place.
 C = Inter-level travel time spent in this place.
 D = Time resting spent in this place.
 E = Time spent auto-exploring this place.
 F = Levels seen in this place.
 G = Mean time per level.
                   A        B        C        D        E       F      G
               +--------+--------+--------+--------+--------+-----+--------+
         Total |   1333 |   1313 |     20 |      0 |   1098 |   4 |  333.2 |
       Dungeon |   1333 |   1313 |     20 |      0 |   1098 |   4 |  333.2 |
               +--------+--------+--------+--------+--------+-----+--------+

Top non-repeatable levels by time:
     D:1: 441 daAuts
     D:3: 400 daAuts
     D:2: 284 daAuts
     D:4: 208 daAuts

Levels and vault maps discovered:
D:1:      saegor_arrival_simple_e, layout_basic
D:2:      layout_loops_cross, serial_bayou_pond_e
D:3:      gammafunk_steamed_eel, layout_basic, uniq_natasha, uniq_robin
D:4:      layout_basic, lemuel_round_altar, temple_fountains,
          minmay_shop_damaged

Table legend: (Time is in decaauts)
 A = Elapsed time spent in this place.
 B = Non-inter-level travel time spent in this place.
 C = Inter-level travel time spent in this place.
 D = Time resting spent in this place.
 E = Time spent auto-exploring this place.
 F = Levels seen in this place.
 G = Mean time per level.
                   A        B        C        D        E       F      G
               +--------+--------+--------+--------+--------+-----+--------+
         Total |   1333 |   1313 |     20 |      0 |   1098 |   4 |  333.2 |
       Dungeon |   1333 |   1313 |     20 |      0 |   1098 |   4 |  333.2 |
               +--------+--------+--------+--------+--------+-----+--------+

Top non-repeatable levels by time:
     D:1: 441 daAuts
     D:3: 400 daAuts
     D:2: 284 daAuts
     D:4: 208 daAuts

Table legend:
 A = Kills in this place as a percentage of kills in entire the game.
 B = Kills by you in this place as a percentage of kills by you in the entire game.
 C = Kills by friends in this place as a percentage of kills by friends in the entire game.
 D = Other kills in this place as a percentage of other kills in the entire game.
 E = Experience gained in this place as a percentage of experience gained in the entire game.
 F = Experience gained in this place divided by the number of levels of this place that you have seen.
                   A       B       C       D       E      F
               +-------+-------+-------+-------+-------+----------------------
         Total | 100.0 | 100.0 |   N/A |   N/A | 100.0 |  35.5
       Dungeon | 100.0 | 100.0 |   N/A |   N/A | 100.0 |  35.5
               +-------+-------+-------+-------+-------+----------------------
